 Dungeon Crawl Stone Soup version 0.30.1-9-gdf580d7c3d (webtiles) character file.

Game seed: 12159157553979321045

142 lonewolfV2 the Covered (level 5, 0/41 HPs)
             Began as a Demonspawn Fighter on Oct 26, 2023.
             Slain by an orc wizard
             ... wielding a +0 dagger
              (4 damage)
             ... on level 3 of the Dungeon.
             The game lasted 00:02:56 (1670 turns).

lonewolfV2 the Covered (Demonspawn Fighter)         Turns: 1670, Time: 00:02:57

Health: 0/41       AC:  6    Str: 18    XL:     5   Next: 3%
Magic:  0/5        EV: 10    Int:  9    God:
Gold:   102        SH:  4    Dex: 13    Spells: 4/4 levels left

rFire   . . .        a - +0 war axe
rCold   . . .        c - +0 buckler
rNeg    . . .        b - +0 scale mail
rPois   .            (no helmet)
rElec   .            (no cloak)
rCorr   .            (no gloves)
SInv    .            (no boots)
Will    .....        e - amulet of guardian spirit Stlth
                     (no ring)
HPRegen 0.26/turn    (no ring)
MPRegen 0.09/turn

%: guardian spirit
@: weak-willed
A: demonic magic 1
a: no special abilities


You were on level 3 of the Dungeon.
You visited 1 branch of the dungeon, and saw 3 of its levels.

You collected 102 gold pieces.

Inventory:

Hand Weapons
 a - a +0 war axe (weapon)
Armour
 b - a +0 scale mail (worn)
 c - a +0 buckler (worn)
Jewellery
 e - an amulet of guardian spirit (around neck)
Potions
 d - a potion of might
 g - a potion of curing {unknown}
 i - a potion of berserk rage {unknown}


   Skills:
 - Level 3.0 Fighting
 - Level 1.7 Axes
 + Level 3.6 Armour
 * Level 3.4 Dodging
 - Level 2.6 Shields


You had 4 spell levels left.
You didn't know any spells.
Your spell library was empty.

Dungeon Overview and Level Annotations

Branches:
Dungeon (3/15)

Altars:


Innate Abilities, Weirdness & Mutations

Spells you cast may paralyse adjacent enemies.


Message History

You hit the orc but do no damage. The orc misses you.
The orc closely misses you. The orc completely misses you.
You barely miss the orc. You barely miss something. You hit the orc.
You closely miss the orc. The orc barely misses you.
Something hits you but does no damage. You block the orc's attack.
Something hits you. The orc hits you but does no damage.
The orc hits you with a +0 mace. The orc closely misses you.
You slash the orc!
You kill the orc!
You barely miss the orc. You barely miss something. x2
You hit the orc but do no damage.
Something hits you but does no damage. x2
The orc hits you with a +0 short sword. You block the orc's attack.
The dart slug launches a dart at you.
The slug dart hits you but does no damage.
You have reached level 5!
You hit the orc.
You kill the orc!
You hit the orc. You miss something. x2
You hear some strange, mumbled words.
A magic dart appears from out of thin air!
The magic dart hits you!
* * * LOW HITPOINT WARNING * * *
Something hits you but does no damage. The endoplasm barely misses you.
The orc hits you with a +0 mace.
* * * LOW HITPOINT WARNING * * *
Something hits you but does no damage.
You hit the endoplasm.
You kill the endoplasm!
You closely miss the orc. You slash something! You hit the orc.
Something hits you but does no damage. You block the orc's attack.
The orc closely misses you. The dart slug launches a dart at you.
The slug dart hits you but does no damage.
You closely miss the orc.
The orc is almost dead.
You hit something. You hit the orc. You barely miss something. You hit the orc.
You kill the orc!
A ball python comes into view.
Something hits you.
You die...

......S..###.
............
#...........
#...........
#...........
#...........
#..)........
#.o@).......
#.{o†w......
...........?...
.?.>............
....#.........).
.##.##..####+###
# #... #.## #.


You could see a dart slug, 2 orcs and a ball python (wandering).

Vanquished Creatures
  Terence (D:3)
  A gnoll (D:1)
  3 adders (D:2)
  3 dart slugs
  4 orcs (D:3)
  7 endoplasms
  4 giant cockroaches
  6 hobgoblins
  3 jackals (D:1)
  2 quokkas (D:1)
  10 ball pythons
  8 bats
  A frilled lizard (D:2)
  5 goblins
  6 kobolds
  5 rats
  A spectral kobold (D:1)
70 creatures vanquished.

Notes
Turn   | Place    | Note
-------+----------+-------------------------------------------
     0 | D:1      | lonewolfV2 the Demonspawn Fighter began the quest for the
                  | Orb.
     0 | D:1      | Reached XP level 1. HP: 18/18 MP: 1/1
    45 | D:1      | Reached skill level 1 in Dodging
   102 | D:1      | Gained mutation: Spells you cast may paralyse adjacent
                  | enemies. [demonic ancestry]
   102 | D:1      | Reached XP level 2. HP: 24/24 MP: 2/2
   321 | D:1      | Found a faded altar of an unknown god.
   367 | D:1      | Reached XP level 3. HP: 24/29 MP: 3/3
  1168 | D:2      | Reached XP level 4. HP: 32/35 MP: 4/4
  1655 | D:3      | Noticed Terence
  1662 | D:3      | Killed Terence
  1668 | D:3      | Reached XP level 5. HP: 14/41 MP: 1/5
  1670 | D:3      | Slain by an orc wizard

Illustrated notes

Levels and vault maps discovered:
D:1:      amcnicky_arrival_feature_with_door, layout_basic,
          dreamdust_ecumenical_altar_drowned_temple
D:2:      layout_basic, hangedman_abyss_or_decor_stabs,
          kennysheep_generic_room_3
D:3:      layout_basic, gammafunk_temple_overflow_wave, uniq_terence

Skill      XL: |  1  2  3  4 |
---------------+-------------+-----
Dodging        | 1 2 3 |  3.4
Armour         | 3 |  3.6
Fighting       | |  3.0
Axes           | |  1.7
Shields        | |  2.6

Action                     |  1- 3 |  4- 6 || total
---------------------------+-------+-------++-------
  Melee: War axe           |   113 |    52 ||   165
    Use: Scroll            |     2 |     2 ||     4
 Armour: Scale mail        |    58 |    45 ||   103
  Dodge: Dodged            |    82 |    44 ||   126
  Block: Buckler           |    43 |    21 ||    64
